 Dungeon Crawl Stone Soup version 0.27-a0-906-g0a00ce863d (webtiles) character file.

Game seed: 1896227853810427907

1 dmks the Digger (level 1, -2/14 HPs)
             Began as a Draconian Earth Elementalist on Apr 6, 2021.
             Slain by a jackal (3 damage)
             ... on level 1 of the Dungeon.
             The game lasted 00:00:23 (16 turns).

dmks the Digger (Draconian Earth Elementalist)        Turns: 16, Time: 00:00:24

Health: -2/14      AC:  4    Str: 10    XL:     1   Next: 16%
Magic:  0/3        EV: 12    Int: 15    God:
Gold:   11         SH:  0    Dex: 11    Spells: 3/4 levels left

rFire    . . .     SeeInvis .   (no weapon)
rCold    . . .     Faith    .   (no shield)
rNeg     . . .     Spirit   .   (armour unavailable)
rPois    .         Reflect  .   (helmet restricted)
rElec    .         Harm     .   (no cloak)
rCorr    .         Rampage  .   (no gloves)
Will     .....                  (no boots)
Stlth    ++........             (no amulet)
HPRegen  0.04/turn              (no ring)
MPRegen  0.08/turn              (no ring)

@: no status effects
A: AC +4, unfitting armour, cold-blooded
a: no special abilities


You were on level 1 of the Dungeon.
You visited 1 branch of the dungeon, and saw 1 of its levels.

You collected 11 gold pieces.

Inventory:

Missiles
 b - 27 stones


   Skills:
 + Level 1.7 Dodging
 + Level 1.7 Stealth
 * Level 2.0 Spellcasting
 + Level 1.0 Transmutations
 * Level 3.0 Earth Magic


You had 3 spell levels left.
You knew the following spells:

 Your Spells              Type           Power      Damage    Failure   Level
a - Sandblast             Erth           20%        2d7       6%          1

Your spell library contained the following spells:

 Spells                   Type           Power      Damage    Failure   Level
 Passwall                 Tmut/Erth      5%         N/A       14%         2
 Stone Arrow              Conj/Erth      12%        3d7       34%         3
 Petrify                  Tmut/Erth      7%         N/A       67%         4
 Lee's Rapid Deconstruct  Erth           5%         3d7*      87%         5


Dungeon Overview and Level Annotations

Branches:
Dungeon (1/15)

Altars:


Innate Abilities, Weirdness & Mutations

Your plain brown scales are hard. (AC +4)
You cannot fit into any form of body armour.
You are cold-blooded and may be slowed by cold attacks.


Message History

A jackal comes into view. x2
There are monsters nearby!
There are monsters nearby!
You can't see any susceptible monsters within range! (Use Z to cast anyway.)
A jackal and a hobgoblin come into view.
The hobgoblin shouts!
The jackal moves out of view.
Aim: a jackal (26% to evade)
The blast of sand hits the jackal but does no damage.
The jackal barks!
Aim: a jackal (26% to evade)
The blast of sand hits the jackal.
You kill the jackal!
Aim: a jackal (26% to evade)
The blast of sand hits the jackal.
The jackal closely misses you.
The jackal bites you but does no damage.
You don't have enough magic to cast this spell.
You don't have enough magic to cast this spell.
You don't have enough magic to cast this spell.
Unknown command.
The jackal bites you.
You hit the jackal.
The jackal bites you but does no damage. x2
The hobgoblin hits you but does no damage.
You closely miss the jackal. The jackal bites you.
The jackal barely misses you.
The jackal bites you but does no damage.
The hobgoblin closely misses you.
The jackal bites you but does no damage.
You closely miss the jackal.
You tail-slap the jackal, but do no damage.
The jackal completely misses you.
The jackal bites you but does no damage.
The jackal bites you. The hobgoblin closely misses you.
The jackal closely misses you.
You barely miss the jackal. The jackal barely misses you.
The jackal bites you but does no damage.
The jackal bites you.
* * * LOW HITPOINT WARNING * * *
The jackal barely misses you.
The hobgoblin hits you but does no damage.
You hit the jackal but do no damage. The jackal closely misses you.
The jackal bites you but does no damage.
The jackal bites you.
* * * LOW HITPOINT WARNING * * *
The jackal bites you but does no damage.
The hobgoblin hits you.
* * * LOW HITPOINT WARNING * * *
You miss the jackal. The jackal bites you.
You die...

...... .......
......##....... .##
#............# ....
#............##....
...................
...................
......>......!..#
.......<.hh.....##.
.........@h........
..........g........
#............##?...
#...........)# ...
......##........ #
...... #........
...... ..........
#### #.....#####
......


You could see 3 jackals and a hobgoblin.

Vanquished Creatures
  A jackal (D:1)
1 creature vanquished.

Notes
Turn   | Place    | Note
-------+----------+-------------------------------------------
     0 | D:1      | dmks the Draconian Earth Elementalist began the quest for
                  | the Orb.
     0 | D:1      | Reached XP level 1. HP: 14/14 MP: 3/3
    16 | D:1      | Slain by a jackal

Illustrated notes

Levels and vault maps discovered:
D:1:      dpeg_arrival_stonehenge_8_columns, layout_basic,
          basic_ecumenical_altar

Action                   || total
-------------------------++-------
Melee: Unarmed           ||     6
       Tailslap          ||     1
 Cast: Sandblast         ||     3
Armor: Skin              ||    11
Dodge: Dodged            ||     9

Table legend: (Time is in decaauts)
 A = Elapsed time spent in this place.
 B = Non-inter-level travel time spent in this place.
 C = Inter-level travel time spent in this place.
 D = Time resting spent in this place.
 E = Time spent auto-exploring this place.
 F = Levels seen in this place.
 G = Mean time per level.
                   A        B        C        D        E       F      G
               +--------+--------+--------+--------+--------+-----+--------+
         Total |     16 |     16 |      0 |      0 |      2 |   1 |   16.0 |
       Dungeon |     16 |     16 |      0 |      0 |      2 |   1 |   16.0 |
               +--------+--------+--------+--------+--------+-----+--------+

Top non-repeatable levels by time:
     D:1: 16 daAuts
